← All builds
Tech / Armada / Economy first / OBSERVED BUILD

Standard tech

Armada Tech (Eco) build order · Supreme Isthmus

Rushes T2 by 4:15, gets Advanced Metal Extractor around 5:28, hands off T2 constructors to Geo and the team, then scales eco and supplies the team's T2 needs through the rest of the game.

Usually first T2 con to Geo (83%)

#eco #t2 #team support · 1579 distinct matches · 255 players · 58% of Armada Tech games · team won 53% of 1874 · Recently observed

HOW TO PLAY IT

Key timing: T2 factory by 4:15

  1. Open 3 mex and heavy wind to fund a fast T2 rush.
  2. Put down Bot Lab, planning to eat it for reclaim soon after.
  3. Get Advanced Bot Lab up, hitting the T2 factory rush timing.
  4. Upgrade mex to Advanced Metal Extractor to lock in team metal income.
  5. Eat Advanced Bot Lab and keep sending cons to Geo and Pond.

Phase by phase

TYPICAL OF ITS 1579 GAMES
  1. 1
  2. 2
  3. 3
  4. 4
PLAY THE OPENING

Follow the example game's first 6:00 step by step: what to build now, what comes next, and where it goes. At 1× it keeps pace with your own game.

  1. 1

    Up to the Bot Lab

    Economy
    • Metal Extractor3Mex
    • Wind Turbine4Wind
    Order
    1. Bot LabBot Lab after 3 mex, 4 winddone ~1:18, middle half 1:13–1:32

    Some games also: energy storage (31%)

    By 1:01 in all: 3 mex · 4 wind

    The example game in this phase · 3 steps
    1. Mex ×3
    2. Wind ×3
    3. Bot LabBot Labdone 1:10 · typical 1:18
  2. 2

    Bot Lab to Advanced Bot Lab

    Economy
    • Metal Extractor1Mex
    • Wind Turbine8Wind
    • Energy Storage1Energy storage
    Order
    1. Advanced Bot LabAdvanced Bot Lab after 4 mex, 12 wind, 3 con turretdone ~4:16, middle half 4:04–4:30
    Builders
    • Construction Turret3 Con turret
    • Lazarus3 Lazarus
    • Construction Bot2 Con bot
    • Construction Bot1 Con bot for allies

    Some games also: converter (36%)

    By 3:18 in all: 4 mex · 12 wind · 1 energy storage · 3 con turret

    The example game in this phase · 27 steps
    1. Construction BotCon bot
    2. Wind
    3. LazarusLazarusfor Front
    4. Wind ×2
    5. LazarusLazarusfor Front
    6. Mex
    7. Construction BotCon botfor Air
    8. Wind ×2
    9. LazarusLazarusfor Front
    10. Wind ×3
    11. Energy storage
    12. Construction BotCon bot
    13. Wind
    14. Converter
    15. Wind
    16. Construction BotCon bot
    17. Converter
    18. Wind
    19. Converter ×2
    20. Wind
    21. Con turret
    22. Wind
    23. Con turret
    24. Wind ×3
    25. Converter
    26. Wind
    27. Advanced Bot LabAdvanced Bot Labdone 5:11 · typical 4:16
  3. 3

    Advanced Bot Lab to 5:00

    Economy
    • Wind Turbine3Wind
    Order
    1. Bot LabEat Bot Lab
    Builders
    • Advanced Construction Bot1 T2 con bot for allies

    Some games also: converter (35%)

    By 5:00 in all: 4 mex · 15 wind · 1 converter · 1 energy storage · 3 con turret

    The example game in this phase · 9 steps
    1. Wind ×2
    2. Converter ×4
    3. Wind ×2
    4. Radar TowerRadar Tower
    5. TickTick
    6. Construction BotCon bot
    7. Wind ×2
    8. Bot LabEat Bot Labreclaimed for its metal
    9. Wind
  4. 4

    5:00 to 10:00

    Economy
    • Wind Turbine43Wind
    • Energy Converter6Converter
    Builders
    • Butler9 Butler
    • Advanced Construction Bot4 T2 con bot for allies
    • Advanced Construction Bot1 T2 con bot

    Some games also: con turret (43%) · Butler for allies (36%)

    By 10:00 in all: 4 mex · 58 wind · 8 converter · 1 energy storage · 3 con turret

    The example game in this phase · 142 steps
    1. Wind
    2. Advanced Construction BotT2 con botfor Air
    3. Wind
    4. Advanced Construction BotT2 con bot
    5. Wind
    6. Advanced Metal ExtractorT2 mexdone 6:06 · typical 5:29
    7. Wind
    8. Advanced Construction BotT2 con botfor Beach sea
    9. Con turret
    10. Wind ×5
    11. Advanced Metal ExtractorT2 mex
    12. Wind ×4
    13. Advanced Construction BotT2 con bot
    14. Wind ×3
    15. Advanced Metal ExtractorT2 mex
    16. Wind ×2
    17. FatboyFatboyfor Frontdone 8:04
    18. Wind ×2
    19. Advanced Metal ExtractorT2 mex
    20. Wind ×3
    21. FatboyFatboyfor Front
    22. Wind ×5
    23. ButlerButler
    24. Wind
    25. ButlerButler
    26. Wind ×2
    27. ButlerButler
    28. Wind ×2
    29. ButlerButler
    30. Converter
    31. Wind
    32. ButlerButler
    33. Converter
    34. Wind ×4
    35. Converter
    36. Wind ×5
    37. Converter ×2
    38. Wind
    39. Converter
    40. Wind ×3
    41. Converter ×2
    42. Wind
    43. Converter
    44. Wind ×2
    45. Converter ×2
    46. Wind
    47. Advanced Construction BotT2 con botfor Pond
    48. Converter
    49. Wind
    50. Converter
    51. Wind ×2
    52. Converter
    53. Advanced Construction BotT2 con botfor Geo sea
    54. Wind
    55. Converter
    56. Wind
    57. Converter
    58. Con turret
    59. Wind
    60. Converter
    61. Wind ×2
    62. Converter
    63. Con turret
    64. Converter
    65. Advanced Construction BotT2 con botfor Front
    66. Converter
    67. Con turret
    68. Wind ×2
    69. Con turret
    70. Converter ×2
    71. Wind
    72. Con turret
    73. Wind
    74. Converter
    75. Con turret
    76. Converter
    77. Con turret
    78. Wind ×2
    79. Converter
    80. Con turret
    81. ButlerButler
    82. Converter
    83. Wind
    84. Con turret
    85. ButlerButler ×2
    86. Converter
    87. Wind
    88. ButlerButler
    89. Converter ×2
    90. Advanced Construction BotT2 con bot
    91. Wind
    92. Converter
    93. Wind
    94. Converter ×2
    95. Wind
    96. ArchangelArchangeldone 12:07
    97. Converter ×2
    98. Wind
    99. Fusion ReactorFusiondone 13:56
    100. ArchangelArchangel
    101. Wind ×3
    102. NettleNettle
    103. Wind ×2
    104. ArchangelArchangel
    105. Con turret
    106. ArchangelArchangel
    107. Wind ×2
    108. Con turret
    109. Wind ×2
    110. Con turret
    111. Wind ×11
    112. ButlerButler
    113. Wind ×2
    114. Converter
    115. Wind ×2
    116. ButlerButler
    117. Wind ×3
    118. ButlerButler
    119. Wind ×2
    120. ButlerButler
    121. Converter
    122. Wind
    123. ButlerButler
    124. Wind
    125. Converter
    126. Wind ×2
    127. Converter
    128. Wind
    129. Converter
    130. ButlerButler
    131. Wind ×2
    132. Converter ×2
    133. ButlerButler
    134. Wind ×2
    135. Fusion ReactorFusion
    136. Converter
    137. ButlerButler
    138. Wind ×3
    139. Converter ×2
    140. Wind ×2
    141. Converter
    142. ButlerButler

Counts are medians over the build's games: half of them build more, half fewer. The example game is EthanTheEpic's (31 OS, 11/09/2026); pick another.

Team trades

IN AT LEAST 30% OF ITS GAMES

You hand over

  • Construction Bot1 Con bot to Airfirst at 2:23 · in 84% of games
  • Advanced Construction Bot5 T2 con bot to Air or Geo sea or Pondfirst at 4:50 · in 99% of games
  • Butler2 Butler to Geo sea or Beach sea or Pondfirst at 9:07 · in 42% of games

You get

  • Hercules1 Light transport from Airfirst at 4:01 · in 86% of games

How it plays out

Typical game of this build, running totals by minute

Metal produced

020k40k
0:005:0010:0015:00

metal

Enemy metal destroyed

050100
0:005:0010:0015:00

metal

Own metal lost

050100150
0:005:0010:0015:00

metal

1874 games.

Show as table
ByMetal produced: This buildEnemy metal destroyed: This buildOwn metal lost: This build
1:0038300
2:0091500
3:00165100
4:00314400
5:00484700
6:00580000
7:00722700
8:00906100
9:001117300
10:001350300
11:001624200
12:001965600
13:002344500
14:0027362073
15:003154285130
WHAT THE NUMBERS SAY

Standard Tech play barely fights at all early, instead pouring metal into T2 infrastructure and constructors for the team.

  • + Metal produced hits 31679 by 15:00, by far the highest of any role here.
  • + T2 factory reached in 97% of games by 4:15, fastest and most reliable T2 timing.
  • − Enemy metal destroyed stays at 0 through 10:00, no early offense at all.
  • − Own metal lost also near 0, showing total avoidance of combat risk.
THE EXAMPLE YOU ARE READING

EthanTheEpic

31.1 OS · 11/09/2026

Open source match ↗

2 received units
1653 metal received · 134673 energy received

Allied construction assistance is unknown. Timings are observations, not a promise of solo reproducibility.

Typical milestones

Bot Lab1:18Middle 50%: 1:13–1:32 · n=1874
Advanced Bot Lab4:16Middle 50%: 4:04–4:30 · n=1867
Advanced Metal Extractor5:29Middle 50%: 5:05–5:59 · n=1870

Played most by

Amrissa93games of this buildTheGeneraI66games of this buildAdeus57games of this buildEl_Turco56games of this buildKOT_43games of this build